 Dungeon Crawl Stone Soup version 0.20-b1-2-gc5a9893 (webtiles) character file.

51155 juanjsm the Covert (level 14, -2/74 HPs)
             Began as a Spriggan Enchanter on May 22, 2017.
             Was the Champion of Okawaru.
             Slain by an elephant (12 damage)
             ... on level 6 of the Lair of Beasts.
             The game lasted 02:18:35 (19182 turns).

juanjsm the Covert (Spriggan Enchanter)            Turns: 19182, Time: 02:18:35

Health: -2/74      AC:  3    Str:  6    XL:     14   Next: 22%
Magic:  40/40      EV: 29    Int: 18    God:    Okawaru [******]
Gold:   1499       SH:  0    Dex: 18    Spells: 25/38 levels left

rFire    . . .     SeeInvis +   T - +3 dagger
rCold    + + .     Gourm    .   (shield restricted)
rNeg     . . .     Faith    +   O - +1 robe {MR+}
rPois    .         Spirit   .   P - +0 hat {MR+}
rElec    .         Reflect  .   g - scarf {rC+ rF+}
rCorr    .         Harm     .   (gloves unavailable)
MR       ++++.                  (boots unavailable)
Stlth    ++++++....             k - amulet of faith
Regen    0.3/turn               n - ring of ice
MPRegen  0.3/turn               o - ring of magical power

@: very quick
A: unfitting armour, see invisible, blink, dopey 1, herbivore 3, speed 3, slow
metabolism 2, strong 1
a: Blink, Heroism, Finesse, Renounce Religion


You were on level 6 of the Lair of Beasts.
You worshipped Okawaru.
Okawaru was exalted by your worship.
You were not hungry.

You visited 4 branches of the dungeon, and saw 19 of its levels.
You also visited: Ice Cave.

You collected 1499 gold pieces.

Inventory:

Hand Weapons
 r - a +0 blowgun
 T - a +3 dagger (weapon)
Missiles
 v - 42 poisoned needles
 D - a throwing net (quivered)
Armour
 b - the +4 swamp dragon scales "Qigut" {rPois Slay+2}
   (Okawaru gifted it to you on level 3 of the Lair of Beasts)

   It affects your accuracy and damage with ranged weapons and melee attacks
   (+2).
   It protects you from poison.
 g - a scarf of resistance (worn)
 H - a +2 robe of positive energy
 O - a +1 robe of magic resistance (worn)
 P - a +0 hat of magic resistance (worn)
 Q - a +0 buckler of reflection
Jewellery
 k - an amulet of faith (around neck)
 n - a ring of ice (left hand)
 o - a ring of magical power (right hand)
Wands
 B - a wand of lightning (9/15)
Scrolls
 e - 7 scrolls of teleportation
 f - a scroll of noise {unknown}
 h - 6 scrolls of identify
 j - a scroll of fog
 w - a scroll of acquirement {unknown}
 y - a scroll of fear {unknown}
 F - 2 scrolls of remove curse
 K - a scroll of brand weapon {unknown}
Potions
 c - a potion of invisibility
 i - 3 potions of magic
 l - 4 potions of cancellation
 m - a potion of resistance
 p - 2 potions of ambrosia
 q - 6 potions of curing
 t - 2 potions of agility
 u - 3 potions of flight
 z - 3 potions of haste
 C - a potion of heal wounds
 E - 2 potions of might
 G - a potion of berserk rage
 J - a potion of brilliance
 M - a potion of lignification
Books
 s - a Young Poisoner's Handbook

   Spells                             Type                      Level
   a - Sting                          Conjuration/Poison           1
   b - Poisonous Vapours              Poison/Air                   2
   c - Mephitic Cloud                 Conjuration/Poison/Air       3
   d - Olgreb's Toxic Radiance        Poison                       4
   e - Venom Bolt                     Conjuration/Poison           5
 x - a book of Power

   Spells                             Type                      Level
   a - Iskenderun's Battlesphere      Conjuration/Charms           5
   b - Venom Bolt                     Conjuration/Poison           5
   c - Bolt of Magma                  Conjuration/Fire/Earth       5
   d - Iron Shot                      Conjuration/Earth            6
   e - Orb of Destruction             Conjuration                  7
   f - Spellforged Servitor           Conjuration/Summoning        7
 A - a book of Cantrips

   Spells                             Type                      Level
   a - Confusing Touch                Hexes                        1
   b - Animate Skeleton               Necromancy                   1
   c - Summon Small Mammal            Summoning                    1
   d - Apportation                    Translocation                1
 I - a book of Minor Magic

   Spells                             Type                      Level
   a - Magic Dart                     Conjuration                  1
   b - Blink                          Translocation                2
   c - Call Imp                       Summoning                    2
   d - Slow                           Hexes                        2
   e - Conjure Flame                  Conjuration/Fire             3
   f - Mephitic Cloud                 Conjuration/Poison/Air       3
 N - a book of the Earth

   Spells                             Type                      Level
   a - Leda's Liquefaction            Hexes/Earth                  4
   b - Bolt of Magma                  Conjuration/Fire/Earth       5
   c - Statue Form                    Transmutation/Earth          6
   d - Iron Shot                      Conjuration/Earth            6
   e - Shatter                        Earth                        9
Miscellaneous
 L - 3 phantom mirrors
Comestibles
 a - 20 fruits
 d - 15 bread rations


   Skills:
 + Level 8.9 Fighting
 - Level 11.0 Short Blades
 + Level 12.2 Dodging
 + Level 13.3 Stealth
 * Level 0.3 Shields
 + Level 12.6 Spellcasting
 * Level 3.7 Conjurations
 + Level 12.5 Hexes
 + Level 9.0 Evocations


You had 25 spell levels left.
You knew the following spells:

 Your Spells              Type           Power        Failure   Level  Hunger
a - Corona                Hex            ######.      1%          1    None
b - Ensorcelled Hibernat  Hex/Ice        ######       1%          2    None
c - Confuse               Hex            ######..     1%          3    None
d - Dazzling Spray        Conj/Hex       #####.       1%          3    None
e - Mephitic Cloud        Conj/Pois/Air  ###.....     11%         3    None
f - Apportation           Tloc           ##....       6%          1    None


Dungeon Overview and Level Annotations

Branches:
Dungeon (11/15)            Temple (1/1) D:5            Lair (6/6) D:11
 Shoals (0/4) Lair:2       Spider (0/4) Lair:3        Slime (0/5) Lair:5
    Orc (1/2) D:9

Altars:
Ashenzari
Cheibriados
Dithmenos
Elyvilon
Fedhas
Gozag
Hepliaklqana
Kikubaaqudgha
Makhleb
Nemelex Xobeh
Okawaru
Qazlal
Ru
Sif Muna
Trog
Uskayaw
Vehumet
Xom
Yredelemnul
Zin
The Shining One
Jiyva

Shops:
Orc:1 }

Annotations:
D:4 2 transporters
Orc:1 Urug


Innate Abilities, Weirdness & Mutations

You are very small and have problems with some larger weapons.
You are too small for most types of armour.
You have supernaturally acute eyesight. (SInv)
You are a herbivore.
You cover ground extremely quickly.
You need consume almost no food.
You can translocate small distances at will.
You are dopey. (Int -2)
Your muscles are strong. (Str +2)


Message History

You climb downwards.
The spriggan hits you but does no damage.
The elephant closely misses you. The elephant completely misses you.
The six-headed hydra bites you!
The six-headed hydra closely misses you.
The six-headed hydra completely misses you.
The six-headed hydra barely misses you. The six-headed hydra bites you!
The six-headed hydra bites you. The elephant completely misses you.
The elephant closely misses you. The spriggan completely misses you.
There is a stone staircase leading up, spattered with blood here.
The six-headed hydra barely misses you. The six-headed hydra bites you!
The wolf howls!
The six-headed hydra completely misses you.
The six-headed hydra closely misses you.
The six-headed hydra bites you!
* * * LOW HITPOINT WARNING * * *
The six-headed hydra bites you!
* * * LOW HITPOINT WARNING * * *
The elephant tramples you!
You die...

.P........##..............
..........................
#P.........#...........Y..
##......P......#..........
.#..................<......
............................
......P..............%.....).
......#...hiYY...............
♣.........P@.....#....Y.....
♣...........D........#......
♣..........................
♣.....5......!......#......
♣......)..........#.....P.P
♣♣%........#........P....P.
♣♣............Fh..........
♣......#.................
♣...........t.h.........#


You could see a six-headed hydra, 2 elephants, a polar bear, a blink frog
(wandering), a spriggan, a wolf and a white imp.

Vanquished Creatures
  A frost giant (IceCv)
  The ghost of dscm the Covert, a journeyman OpEE of Uskayaw (Lair:2)
  5 hydras
  The ghost of Hook the Thaumaturge, a journeyman DsFE of Vehumet (D:10)
  A two-headed ogre (D:10)
  6 death yaks
  A queen ant (Lair:3)
  The ghost of Exporg the Thaumaturge, a novice DESu of Yredelemnul (D:9)
  An ugly thing (D:11)
  A manticore (D:11)
  13 elephants
  Joseph (D:7)
  3 black mambas
  An ice statue (IceCv)
  A guardian serpent (D:9)
  3 gargoyles
  10 spiny frogs
  A centaur skeleton (D:10)
  2 rime drakes
  8 komodo dragons
  A tengu conjurer (D:10)
  2 trolls (D:11)
  16 polar bears
  2 jumping spiders (Lair:3)
  10 blink frogs
  5 hippogriffs
  2 redbacks (Lair:3)
  2 spriggans (Lair:5)
  2 fire bats (Lair:3)
  2 basilisks
  A wyvern (Lair:4)
  29 yaks
  4 hungry ghosts
  A warg (shapeshifter) (D:11)
  Menkaure (D:5)
  An acid dragon (D:11)
  6 water moccasins
  20 soldier ants (Lair:3)
  5 porcupines
  4 orc warriors
  A sky beast (D:6)
  6 ice beasts
  2 black bears
  7 ogres
  31 wolves
  2 phantoms
  A boggart (Lair:5)
  8 centaurs
  8 crocodiles
  A big kobold (D:7)
  14 bullfrogs
  A gnoll sergeant (D:9)
  2 scorpions
  10 wights
  11 killer bees
  5 electric eels
  A lava snake (Lair:3)
  6 crimson imps
  2 quasits
  2 jellies
  6 hounds
  A bullfrog skeleton (D:6)
  4 orc priests
  Terence (D:2)
  4 iguanas
  17 orc wizards
  30 worker ants
  3 hell rats (D:11)
  A killer bee zombie (D:9)
  3 hound skeletons
  A howler monkey skeleton (D:9)
  11 adders
  6 gnolls
  A river rat (D:11)
  2 shadow imps
  An adder zombie (D:8)
  2 adder skeletons
  5 worms
  3 dart slugs
  3 leopard geckos
  49 orcs
  2 ball pythons
  6 giant cockroaches
  7 goblins
  4 hobgoblins
  6 jackals
  5 kobolds
  4 quokkas
  A ball python skeleton (D:5)
  3 bats
  5 frilled lizards
  A leopard gecko skeleton (D:6)
  A quokka skeleton (D:4)
  8 rats
506 creatures vanquished.

Vanquished Creatures (others)
  7 fungi
  7 plants
14 creatures vanquished.

Grand Total: 520 creatures vanquished

Notes
Turn   | Place    | Note
-------+----------+-------------------------------------------
     0 | D:1      | juanjsm the Spriggan Enchanter began the quest for the Orb.
     0 | D:1      | Reached XP level 1. HP: 9/9 MP: 5/5
   460 | D:1      | Reached XP level 2. HP: 9/14 MP: 3/6
   464 | D:1      | Learned a level 2 spell: Ensorcelled Hibernation
  1451 | D:2      | Reached XP level 3. HP: 17/17 MP: 8/8
  1478 | D:2      | Reached skill level 5 in Stealth
  1499 | D:2      | Learned a level 3 spell: Confuse
  1578 | D:2      | Reached skill level 1 in Fighting
  1676 | D:2      | Noticed Terence
  1679 | D:2      | Killed Terence
  1679 | D:2      | Reached XP level 4. HP: 22/22 MP: 9/9
  1699 | D:2      | Learned a level 3 spell: Dazzling Spray
  2243 | D:4      | Reached XP level 5. HP: 25/25 MP: 4/11
  2270 | D:4      | Noticed an ogre
  2295 | D:4      | Killed an ogre
  2370 | D:4      | Found a deep blue altar of Sif Muna.
  2559 | D:4      | Reached skill level 6 in Stealth
  2622 | D:4      | Reached XP level 6. HP: 30/30 MP: 6/13
  2716 | D:4      | Reached skill level 5 in Dodging
  2814 | D:4      | Found a shattered altar of Ashenzari.
  2816 | D:4      | Noticed an orc warrior
  2948 | D:4      | Found a shadowy altar of Dithmenos.
  2950 | D:4      | Found a burning altar of Makhleb.
  2950 | D:4      | Found a sacrificial altar of Ru.
  3016 | D:5      | Entered Level 5 of the Dungeon
  3119 | D:5      | Reached skill level 5 in Hexes
  3149 | D:5      | Found a staircase to the Ecumenical Temple.
  3155 | Temple   | Entered the Ecumenical Temple
  3161 | Temple   | Became a worshipper of Warmaster Okawaru
  3359 | D:5      | Found a glowing golden altar of the Shining One.
  3376 | D:5      | Reached XP level 7. HP: 35/35 MP: 14/14
  3674 | D:5      | Found a bloodstained altar of Trog.
  3677 | D:5      | Got a pitted quarterstaff
  3703 | D:5      | Reached skill level 7 in Stealth
  3705 | D:5      | Noticed Menkaure
  3709 | D:5      | Killed Menkaure
  3709 | D:5      | Reached * piety under Okawaru
  4274 | D:6      | Reached skill level 5 in Spellcasting
  4274 | D:6      | Reached XP level 8. HP: 39/39 MP: 16/16
  4659 | D:6      | Reached ** piety under Okawaru
  4741 | D:6      | Reached skill level 8 in Stealth
  4871 | D:6      | You fall through a shaft!
  4901 | D:7      | Noticed Joseph
  5090 | D:7      | Reached skill level 5 in Short Blades
  5094 | D:7      | Noticed a hippogriff
  5107 | D:7      | Killed a hippogriff
  5114 | D:7      | Gained mutation: You are dopey. (Int -2) [potion of mutation]
  5114 | D:7      | Gained mutation: Your muscles are strong. (Str +2) [potion of mutation]
  5114 | D:7      | Gained mutation: You can translocate small distances at will. [potion of mutation]
  5239 | D:7      | Noticed a hippogriff
  5256 | D:7      | Killed a hippogriff
  5256 | D:7      | Reached XP level 9. HP: 37/44 MP: 6/19
  5265 | D:7      | Reached *** piety under Okawaru
  5388 | D:7      | Reached skill level 9 in Stealth
  5649 | D:7      | Killed Joseph
  5977 | D:8      | Reached **** piety under Okawaru
  6596 | D:9      | Reached skill level 10 in Stealth
  7134 | D:9      | Reached XP level 10. HP: 48/51 MP: 4/21
  7513 | D:9      | Noticed Exporg's ghost (novice DESu)
  7559 | D:9      | Found a staircase to the Orcish Mines.
  7939 | Orc:1    | Entered Level 1 of the Orcish Mines
  7939 | Orc:1    | Found Xola's Gadget Shoppe.
  7939 | Orc:1    | Noticed Urug
  8199 | D:9      | Killed Exporg's ghost
  8199 | D:9      | Received a gift from Okawaru
  8313 | D:9      | Reached skill level 5 in Fighting
  8313 | D:9      | Reached skill level 10 in Dodging
  8314 | D:9      | Noticed a guardian serpent
  8639 | D:9      | Killed a guardian serpent
  8639 | D:9      | Reached ***** piety under Okawaru
  8842 | D:10     | Entered Level 10 of the Dungeon
  9017 | D:10     | Reached skill level 11 in Stealth
  9049 | D:10     | Noticed a gargoyle
  9053 | D:10     | Noticed Hook's ghost (journeyman DsFE)
  9056 | D:10     | Noticed a gargoyle
  9388 | D:10     | Noticed a two-headed ogre
  9392 | D:10     | Killed a two-headed ogre
  9392 | D:10     | Received a gift from Okawaru
  9439 | D:10     | Killed Hook's ghost
  9439 | D:10     | Reached XP level 11. HP: 54/56 MP: 10/24
 10050 | D:11     | Noticed a death yak
 10153 | D:11     | Reached skill level 12 in Stealth
 10416 | D:11     | Noticed a death yak
 10488 | D:11     | Reached ****** piety under Okawaru
 10712 | D:11     | Noticed a brown ugly thing
 10716 | D:11     | Noticed a death yak
 10814 | D:11     | Found a staircase to the Lair.
 10943 | D:11     | Killed a brown ugly thing
 10943 | D:11     | Received a gift from Okawaru
 11000 | Lair:1   | Entered Level 1 of the Lair of Beasts
 11012 | Lair:1   | Noticed a six-headed hydra
 11019 | Lair:1   | Killed a six-headed hydra
 11343 | Lair:1   | Found a frozen archway.
 11357 | IceCv    | Entered an ice cave
 11458 | IceCv    | Reached skill level 10 in Hexes
 11550 | IceCv    | Received a gift from Okawaru
 11552 | IceCv    | Reached XP level 12. HP: 62/62 MP: 3/26
 11585 | IceCv    | Reached skill level 13 in Stealth
 11775 | IceCv    | Noticed a death yak
 11812 | IceCv    | Killed a death yak
 11812 | IceCv    | Reached skill level 10 in Spellcasting
 12241 | IceCv    | Reached skill level 1 in Evocations
 12486 | IceCv    | Noticed a frost giant
 12486 | IceCv    | Noticed a death yak
 12928 | IceCv    | Killed a death yak
 13018 | IceCv    | Killed a frost giant
 13079 | IceCv    | Got an ichor-stained rapier
 13087 | IceCv    | Received a gift from Okawaru
 13391 | Lair:1   | Noticed a five-headed hydra
 13398 | Lair:1   | Killed a five-headed hydra
 13398 | Lair:1   | Reached skill level 10 in Short Blades
 13960 | Lair:2   | Reached skill level 5 in Evocations
 13989 | Lair:2   | Received a gift from Okawaru
 14112 | Lair:2   | Found a staircase to the Shoals.
 14376 | Lair:2   | Reached XP level 13. HP: 40/67 MP: 29/29
 14506 | Lair:2   | Noticed dscm's ghost (journeyman OpEE)
 14518 | Lair:2   | Killed dscm's ghost
 15135 | Lair:3   | Received a gift from Okawaru
 15139 | Lair:3   | Got shimmering swamp dragon scales {god gift}
 16009 | Lair:3   | Found a hole to the Spider Nest.
 16199 | Lair:4   | Reached skill level 1 in Conjurations
 16236 | Lair:4   | Learned a level 3 spell: Mephitic Cloud
 16512 | Lair:4   | Learned a level 1 spell: Apportation
 17088 | Lair:5   | Received a gift from Okawaru
 17169 | Lair:5   | Identified the +4 swamp dragon scales "Qigut" {rPois Slay+2} (Okawaru gifted it to you on level 3 of the Lair of Beasts)
 17386 | Lair:5   | Found a viscous altar of Jiyva.
 17386 | Lair:5   | Found a staircase to the Slime Pits.
 17645 | Lair:5   | Reached XP level 14. HP: 74/74 MP: 2/31
 17786 | Lair:6   | Entered Level 6 of the Lair of Beasts
 18966 | Lair:5   | Received a gift from Okawaru
 19182 | Lair:6   | Slain by an elephant

Skill      XL: |  1  2  3  4  5  6  7  8  9 10 11 12 13 14 |
---------------+-------------------------------------------+-----
Spellcasting   | 3 4 5 6 7 8 9 11 12 | 12.6
Stealth        | 5 6 7 8 10 11 12 13 | 13.3
Fighting       | 1 2 3 4 5 6 7 8 |  8.9
Dodging        | 4 5 6 8 9 10 11 12 | 12.2
Hexes          | 4 5 6 7 8 10 11 12 | 12.5
Short Blades   | 2 3 4 5 6 8 9 10 11 | 11.0
Evocations     | 5 8 9 |  9.0
Conjurations   | 2 3 |  3.7
Shields        | |  0.3

Action                   |  1- 3 |  4- 6 |  7- 9 | 10-12 | 13-15 || total
-------------------------+-------+-------+-------+-------+-------++-------
Melee: Dagger            |    89 |   112 |   257 |   521 |   232 ||  1211
 Cast: Corona            |     9 |       |       |       |       ||     9
       Ensorcelled Hiber |    20 |    49 |   115 |   205 |   175 ||   564
       Dazzling Spray    |       |     1 |     6 |     3 |     4 ||    14
       Confuse           |       |     4 |    31 |   146 |    58 ||   239
       Mephitic Cloud    |       |       |       |       |     1 ||     1
 Abil: Blink             |       |       |       |     2 |     1 ||     3
Evoke: Wand              |       |       |       |     5 |       ||     5
  Use: Scroll            |       |       |     9 |     6 |     5 ||    20
       Potion            |       |       |     1 |     2 |       ||     3
 Stab: Sleeping          |    29 |    29 |    80 |   123 |   111 ||   372
       Confused          |       |     3 |    16 |    79 |    33 ||   131
       Invisible         |       |       |     3 |     4 |     1 ||     8
       Distracted        |       |       |     1 |     4 |     1 ||     6
  Eat: Royal jelly       |       |     1 |     1 |     2 |       ||     4
       Bread ration      |       |     1 |       |       |       ||     1
       Fruit             |       |       |       |     4 |     4 ||     8
Armor: Robe              |     5 |     5 |     7 |    13 |     8 ||    38
Dodge: Dodged            |    59 |   102 |   170 |   303 |   181 ||   815
